 Dungeon Crawl Stone Soup version bcrawl-1.31 (webtiles) character file.

Game seed: 1507962574654293505

105989 Morbidden the Sneak (level 2, -1/29 HPs)
             Began as an Ent Archaeologist on Apr 10, 2021.
             Slain by a hobgoblin
             ... wielding a +0 club
              (3 damage)
             ... on level 1 of the Dungeon.
             The game lasted 00:00:36 (343 turns).

Morbidden the Sneak (Ent Archaeologist)              Turns: 343, Time: 00:00:36

Health: -1/29      AC: 10    Str: 20 (23) XL:     2   Next: 20%
Magic:  2/2        EV: 10    Int: 11 (14) God:
Gold:   0          SH:  0    Dex:  7 (8)  Spells: 1/1 levels left

rFire    . . .     SeeInvis .   a - +0 whip
rCold    . . .     Gourm    .   (no shield)
rNeg     + + +     Faith    .   (armour unavailable)
rPois    +         Spirit   .   c - +1 hat
rElec    .         Reflect  .   (no cloak)
rCorr    .         Harm     .   (gloves unavailable)
MR       .....                  (boots unavailable)
Stlth    ++........             (no amulet)
HPRegen  0.09/turn              (no ring)
MPRegen  0.08/turn              (no ring)

@: mighty, very slow
A: large, slow actions, passwall, strong branches, negative energy resistance 3,
poison resistance, slow metabolism 1, torment resistance, unbreathing, AC +9
a: Passwall


You were on level 1 of the Dungeon.
You were not hungry.

You visited 1 branch of the dungeon, and saw 1 of its levels.

Inventory:

Hand Weapons
 a - a +0 whip (weapon)
 b - a +0 blowgun
Missiles
 d - 6 curare-tipped needles
Armour
 c - a +1 hat (worn)
Scrolls
 g - a scroll of magic mapping
 h - a scroll of amnesia {unknown}
 i - a scroll of remove curse {unknown}
 l - a scroll of teleportation {unknown}
Potions
 m - a potion of degeneration
Miscellaneous
 f - a dusty tome
Comestibles
 e - 3 rations {!d}
 k - 3 chunks of flesh


   Skills:
 * Level 1.4 Fighting
 + Level 1.3 Maces & Flails
 + Level 3.0 Dodging
 + Level 3.9 Stealth


You had one spell level left.
You didn't know any spells.
Your spell library was empty.

Dungeon Overview and Level Annotations

Branches:
Dungeon (1/12)

Altars:


Innate Abilities, Weirdness & Mutations

You move and act slowly.
You can pass through walls and trees.
Your branches can wield two-handed weapons with a shield.
Your thick bark is tough. (AC +9)
You are too large for most types of armour.
You are immune to negative energy. (rN+++)
Your system is resistant to poisons. (rPois)
You have a slow metabolism.
You are immune to unholy pain and torment.
You can survive without breathing.


Message History

The jackal misses you. The hobgoblin hits you with a +0 club.
* * * LOW HITPOINT WARNING * * *
The frilled lizard bites you but does no damage.
The jackal bites you but does no damage.
The jackal barely misses you.
You closely miss the jackal.
The jackal is heavily wounded.
The jackal closely misses you. x2
The hobgoblin hits you but does no damage.
The frilled lizard barely misses you.
The jackal bites you but does no damage. x2
The frilled lizard bites you.
* * * LOW HITPOINT WARNING * * *
The hobgoblin hits you but does no damage.
You closely miss the jackal.
The jackal is heavily wounded.
The jackal barely misses you. x2; The jackal closely misses you. x2
The frilled lizard bites you but does no damage.
The hobgoblin hits you with a +0 club.
You die...

........#.#
........#.#
.......†#+######
............$...
................
................
###
#####h......$...
#.. #hhh........
#.. #@lh........
#.. #.g.........
### #...........
# #..(........ #
#...........
#.[......
#########


You could see 5 jackals, a hobgoblin and a frilled lizard.

Vanquished Creatures
  A ball python (D:1)
  A giant cockroach (D:1)
  2 jackals (D:1)
  4 kobolds (D:1)
  2 frilled lizards (D:1)
  A goblin (D:1)
  A rat (D:1)
12 creatures vanquished.

Notes
Turn   | Place    | Note
-------+----------+-------------------------------------------
     0 | D:1      | Morbidden the Ent Archaeologist began the quest for the
                  | Orb.
     0 | D:1      | Reached XP level 1. HP: 21/21 MP: 1/1
   285 | D:1      | Reached XP level 2. HP: 28/29 MP: 2/2
   342 | D:1      | HP: 1/29 [frilled lizard (1)]
   343 | D:1      | Slain by a hobgoblin

Skill      XL: |  1  2 |
---------------+-------+-----
Dodging        | 3 |  3.0
Fighting       | |  1.4
Maces & Flails | |  1.3
Stealth        | |  3.9

Action                   || total
-------------------------++-------
Melee: Whip              ||    65
  Use: Potion            ||     2
Armor: Skin              ||   132
Dodge: Dodged            ||   129
